 Dungeon Crawl Stone Soup version 0.22.1 (webtiles) character file.

64 Fang the Skirmisher (level 4, -9/43 HPs)
             Began as a Gargoyle Berserker on Sept 17, 2018.
             Was a Follower of Trog.
             Mangled by a gnoll
             ... wielding a +0 halberd
              (11 damage)
             ... on level 2 of the Dungeon.
             The game lasted 00:02:02 (1155 turns).

Fang the Skirmisher (Gargoyle Berserker)            Turns: 1155, Time: 00:02:03

Health: -9/43      AC:  5    Str: 26    XL:     4   Next: 12%
Magic:  4/4        EV: 12    Int:  8    God:    Trog [*.....]
Gold:   48         SH:  0    Dex:  9    Spells: 3/3 levels left

rFire    . . .     SeeInvis .   a - +0 hand axe
rCold    . . .     Gourm    .   (no shield)
rNeg     + . .     Faith    .   b - +0 animal skin
rPois    ∞         Spirit   .   (no helmet)
rElec    +         Reflect  .   (no cloak)
rCorr    .         Harm     .   (no gloves)
MR       .....                  (no boots)
Stlth    ..........             (no amulet)
HPRegen  0.14/turn              (no ring)
MPRegen  0.09/turn              (no ring)

@: berserking (expiring), very quick
A: negative energy resistance 1, electricity resistance, unbreathing,
petrification resistance, rot immunity, AC +3
a: Berserk, Renounce Religion


You were on level 2 of the Dungeon.
You worshipped Trog.
Trog was aware of your devotion.
You were near starving.

You visited 1 branch of the dungeon, and saw 2 of its levels.

You collected 48 gold pieces.

Inventory:

Hand Weapons
 a - a +0 hand axe (weapon)
Armour
 b - a +0 animal skin (worn)
Scrolls
 e - 2 scrolls of enchant weapon {unknown}
 g - a scroll of remove curse {unknown}
Potions
 d - a potion of curing {unknown}
 f - a potion of heal wounds {unknown}
Comestibles
 c - 5 rations


   Skills:
 + Level 3.8 Fighting
 + Level 3.6 Axes
 + Level 2.3 Armour
 + Level 2.1 Dodging
 + Level 0.3 Stealth


You had 3 spell levels left.
You didn't know any spells.
Your spell library was empty.

Dungeon Overview and Level Annotations

Branches:
Dungeon (2/15)

Altars:


Innate Abilities, Weirdness & Mutations

You are resistant to torment.
Your stone body is resilient. (AC +3)
You are immune to poison.
You resist negative energy. (rN+)
You are resistant to electric shocks. (rElec)
You can survive without breathing.
You are immune to petrification.
You are immune to rotting.


Message History

You feel clever.
The gnoll hits you from afar with a halberd!
* * * LOW HITPOINT WARNING * * *
Things that are here:
a whip; a rat corpse You feel a strong urge to attack something.
The gnoll barely misses you.
Things that are here:
a halberd; a gnoll corpse You hit the gnoll.
The gnoll is heavily wounded.
The gnoll misses you.
Unknown command.
You closely miss the gnoll.
The gnoll is heavily wounded.
Unknown command.
You closely miss the gnoll.
The gnoll is heavily wounded.
The gnoll hits you with a halberd!
You die...

.......... .......% ...
....... ... ..... .(...
.oo. . ..... #o{ ...
..##.###g####.#####
.......)@................
........)................
.........................
..(....#.................
.........................
.........................
......%#.................
.......#............<....
.......#.........<.......


You could see an orc wizard, a gnoll and 2 orcs.

Vanquished Creatures
  3 gnolls (D:2)
  A worm (D:2)
  A dart slug (D:1)
  A leopard gecko (D:1)
  3 giant cockroaches
  3 goblins (D:1)
  5 hobgoblins (D:1)
  3 kobolds (D:1)
  2 ball pythons (D:1)
  A ball python zombie (D:2)
  2 bats (D:1)
  A frilled lizard (D:1)
  2 rats
28 creatures vanquished.

Notes
Turn   | Place    | Note
-------+----------+-------------------------------------------
     0 | D:1      | Fang the Gargoyle Berserker began the quest for the Orb.
     0 | D:1      | Reached XP level 1. HP: 14/14 MP: 1/1
   106 | D:1      | Reached XP level 2. HP: 14/19 MP: 2/2
   686 | D:1      | Reached XP level 3. HP: 18/23 MP: 3/3
  1150 | D:2      | Reached XP level 4. HP: 11/29 MP: 4/4
  1150 | D:2      | HP: 1/43 [gnoll/halberd (10)]
  1155 | D:2      | Mangled by a gnoll

Skill      XL: |  1  2  3 |
---------------+----------+-----
Axes           | 3 |  3.6
Dodging        | 2 |  2.1
Fighting       | |  3.8
Armour         | |  2.3
Stealth        | |  0.3

Action                   |  1- 3 |  4- 6 || total
-------------------------+-------+-------++-------
Melee: Hand axe          |    91 |     3 ||    94
Invok: Berserk           |     1 |       ||     1
Armor: Animal skin       |    30 |       ||    30
Dodge: Dodged            |    87 |     2 ||    89
